Map: Romanticide LE

Players

Pumba - Winner!

  • Race: Zerg Zerg
  • League: Diamond
  • Spawn Location: 5:00

Xuan

  • Race: Protoss Protoss
  • League: Diamond
  • Spawn Location: 11:00

VOD

Have the link to the VOD?

Description

Time

  • Played on: Aug. 31, 2021, 6:48 p.m.
  • Length: 8:05
Show
View Real Time Build Order
Export as new Build Order

Pumba Zerg - Winner!

Build Orders: Pool First 

Get SALT Encoding   

  12  0:01  Drone  
  13  0:12  Overlord  
  13  0:16  Drone  
  14  0:31  Drone x2  
  16  0:37  Drone  
  17  0:46  Extractor  
  17  0:48  Drone  
  17  0:52  Spawning Pool  
  17  0:56  Drone  
  17  1:08  Drone  
  18  1:21  Hatchery  
  17  1:27  Drone  
  18  1:39  Zergling x2, Queen  
  21  1:46  Overlord  
  21  1:52  Drone  
  22  1:56  Metabolic Boost  
  22  2:08  Drone  
  23  2:14  Queen  
  25  2:25  Drone x2  
  27  2:34  Lair  
  27  2:37  Drone x2, Extractor  
  28  2:43  Drone  
  29  2:48  Drone x3  
  32  2:54  Drone  
  33  3:00  Overlord  
  33  3:03  Overlord  
  33  3:15  Drone  
  33  3:18  Drone  
  35  3:28  Drone x7  
  41  3:35  Queen  
  43  3:42  Overlord  
  43  3:49  Spire  
  42  3:58  Zergling x10  
  42  4:00  Overseer  
  47  4:07  Overlord  
  47  4:14  Hatchery  
  46  4:25  Drone  
  46  4:27  Extractor  
  46  4:28  Extractor  
  46  4:29  Drone x6  
  51  4:32  Drone  
  51  4:34  Drone  
  51  4:37  Overlord  
  53  4:40  Overlord  
  52  4:55  Drone  
  53  5:00  Drone  
  53  5:03  Mutalisk x5  
  64  5:11  Spore Crawler  
  64  5:13  Spore Crawler  
  62  5:16  Queen  
  62  5:19  Queen  
  66  5:42  Drone  
  67  5:43  Overlord x2  
  67  5:51  Drone x10  
  67  5:54  Zerg Flyer Weapons Level 1  
  77  6:01  Overlord  
  77  6:02  Overlord x2  
  77  6:25  Drone x9  
  86  6:34  Zergling x8  
  90  6:54  Extractor x2  
  88  7:02  Drone  
  88  7:03  Drone x2, Evolution Chamber  
  88  7:04  Evolution Chamber  
  88  7:06  Baneling Nest  
  88  7:09  Hatchery  
  87  7:17  Drone x3  
  87  7:18  Drone x3  
  87  7:19  Hatchery  
  92  7:23  Zergling x8  
  92  7:24  Zergling x16  
  104  7:30  Spine Crawler x2  
  104  7:31  Spore Crawler  
  104  7:33  Spine Crawler  
  104  7:36  Zergling x8  
  104  7:37  Roach Warren  
  103  7:45  Zergling x4  
Show
View Real Time Build Order
Export as new Build Order

Xuan Protoss 

Build Orders: 1 Gate Expand, Zealot Archon 

Get SALT Encoding   

  12  0:00  Probe  
  13  0:12  Probe  
  14  0:19  Pylon  
  14  0:25  Probe  
  15  0:37  Probe (Chrono Boost)  
  15  0:39  Gateway  
  16  0:46  Probe (Chrono Boost)  
  17  0:52  Probe, Assimilator  
  18  1:04  Probe  
  18  1:30  Cybernetics Core  
  18  1:31  Probe  
  19  1:40  Nexus  
  19  1:43  Probe  
  20  1:49  Assimilator  
  20  1:54  Zealot (Chrono Boost)  
  23  2:07  Gateway  
  22  2:09  Warp Gate  
  22  2:19  Pylon  
  22  2:20  Probe  
  23  2:37  Probe  
  23  2:38  Stargate  
  24  2:47  Pylon  
  24  2:49  Probe  
  23  3:06  Probe, Stalker (Chrono Boost)  
  23  3:11  Probe  
  27  3:19  Void Ray (Chrono Boost)  
  30  3:35  Probe x2 (Chrono Boost)  
  33  3:53  Probe (Chrono Boost)  
  33  3:54  Probe (Chrono Boost)  
  34  3:59  Probe (Chrono Boost)  
  34  4:00  Probe (Chrono Boost)  
  36  4:11  Probe x2  
  36  4:13  Nexus  
  38  4:19  Pylon  
  38  4:23  Probe (Chrono Boost)  
  39  4:28  Oracle (Chrono Boost)  
  40  4:32  Probe (Chrono Boost)  
  40  4:36  Probe (Chrono Boost)  
  44  4:39  Assimilator  
  44  4:40  Probe (Chrono Boost)  
  44  4:42  Probe  
  44  4:43  Assimilator  
  46  4:48  Adept  
  46  4:52  Adept  
  46  4:56  Probe  
  46  4:57  Pylon  
  46  4:59  Probe  
  50  5:10  Probe (Chrono Boost)  
  50  5:11  Twilight Council  
  50  5:12  Probe (Chrono Boost)  
  53  5:23  Probe (Chrono Boost)  
  53  5:24  Gateway, Pylon  
  53  5:26  Probe (Chrono Boost)  
  55  5:28  Probe (Chrono Boost)  
  55  5:29  Probe (Chrono Boost)  
  55  5:33  Probe  
  57  5:38  Probe  
  57  5:39  Probe  
  59  5:45  Charge (Chrono Boost), Probe  
  60  5:50  Probe  
  60  5:54  Templar Archives  
  60  5:57  Robotics Facility, Probe x2  
  61  6:02  Probe  
  64  6:04  Assimilator  
  64  6:08  Assimilator  
  64  6:09  Stalker  
  59  6:11  Stalker  
  56  6:22  Probe  
  51  6:31  Phoenix (Chrono Boost)  
  49  6:35  Zealot, High Templar x2  
  51  6:42  Probe (Chrono Boost)  
  51  6:47  Probe x2 (Chrono Boost)  
  48  6:51  Probe (Chrono Boost)  
  50  6:55  Probe (Chrono Boost)  
  50  6:56  Probe (Chrono Boost)  
  50  6:58  Gateway  
  52  7:05  Probe (Chrono Boost)  
  52  7:08  High Templar x2  
  57  7:10  Zealot, Probe (Chrono Boost)  
  57  7:12  Probe (Chrono Boost)  
  57  7:13  Archon  
  60  7:21  Probe (Chrono Boost)  
  61  7:25  Probe (Chrono Boost)  
  61  7:28  Probe (Chrono Boost)  
  62  7:35  Probe (Chrono Boost)  
  58  7:38  Probe (Chrono Boost)  
  58  7:40  Stalker x2  
  58  7:41  Stalker  
Tags
 
Add a new tag
Caveats
  • Supply blocks, unpowered buildings, or Contaminate may cause inaccurate times.
  • Supply counts are checked every 10 seconds.